 Dungeon Crawl Stone Soup version 0.31-a0-43-g46d131a48f (webtiles) character file.

Game seed: 7200535929578034312

10673 Drazool the Fighter (level 11, -9/92 HPs)
             Began as a Demonspawn Fighter on May 19, 2023.
             Was a Believer of Uskayaw.
             Mangled by an efreet
             ... wielding a +2 scimitar of flaming
              (16 damage)
             ... on level 11 of the Dungeon.
             The game lasted 00:30:54 (10213 turns).

Drazool the Fighter (Demonspawn Fighter)           Turns: 10213, Time: 00:30:55

Health: -9/92      AC: 14    Str: 19 (20) XL:     11   Next: 39%
Magic:  27/27      EV:  9    Int: 13 (14) God:    Uskayaw [**....]
Gold:   618        SH:  4    Dex: 13      Spells: 8/10 levels left

rFire   . . .        B - +2 broad axe (elec)
rCold   . . .        c - +0 buckler
rNeg    . . .        b - +0 scale mail
rPois   .            (helmet restricted)
rElec   .            E - +0 cloak
rCorr   .            (no gloves)
SInv    .            s - +2 pair of boots
Will    .....        H - amulet of regeneration Stlth
                     T - +4 ring of protection
HPRegen 1.15/turn    M - ring of magical power
MPRegen 0.20/turn

%: no passive effects
@: no status effects
A: horns 2, ignite blood 3, spiny 1, big brain 2
a: Renounce Religion, Stomp, Line Pass


You were on level 11 of the Dungeon.
You worshipped Uskayaw.
Uskayaw was aware of your devotion.
You visited 2 branches of the dungeon, and saw 12 of its levels.
You visited the Abyss 1 time.

You collected 761 gold pieces.
You spent 143 gold pieces at shops.


Innate Abilities, Weirdness & Mutations

You have a pair of horns on your head.
Your demonic aura causes all spilled blood to erupt in flames.
You are partially covered in sharp spines.
You have an extremely huge brain. (Int +4)


   Skills:
 - Level 10.4 Fighting
 - Level 9.0(9.4) Axes
 - Level 4.3(8.0) Maces & Flails
 + Level 5.2(6.0) Staves
 - Level 2.6 Armour
 - Level 2.6 Shields
 - Level 4.0 Poison Magic
 + Level 10.3 Invocations


You had 8 spell levels left.
You knew the following spells:

 Your Spells              Type           Power      Damage    Failure   Level
p - Poisonous Vapours     Pois/Air       10%        N/A       61%         2

Your spell library contained the following spells:

 Spells                   Type           Power      Damage    Failure   Level
 Apportation              Tloc           0%         N/A       75%         1
 Necrotise                Necr           0%         1d4       75%         1
 Summon Small Mammal      Summ           0%         N/A       75%         1
 Blink                    Tloc           0%         N/A       87%         2
 Static Discharge         Conj/Air       0%         2-2/arc   87%         2
 Mephitic Cloud           Conj/Pois/Air  3%         N/A       91%         3
 Call Canine Familiar     Summ           0%         N/A       98%         3
 Ozocubu's Armour         Ice            0%         N/A       98%         3
 Portal Projectile        Hex/Tloc       0%         N/A       98%         3
 Vhi's Electric Charge    Tloc/Air       0%         N/A       98%         3
 Airstrike                Air            0%         2d(0-16)  100%        4
 Leda's Liquefaction      Hex/Erth       0%         N/A       100%        4
 Passage of Golubria      Tloc           0%         N/A       100%        4
 Summon Lightning Spire   Summ/Air       0%         N/A       100%        4
 Alistair's Intoxication  Tmut/Pois      3%         N/A       100%        5
 Arcjolt                  Conj/Air       0%         1d10      100%        5
 Freezing Cloud           Conj/Ice/Air   0%         6-21      100%        5
 Plasma Beam              Fire/Air       0%         2x1d11    100%        6
 Ozocubu's Refrigeration  Ice            0%         4d7       100%        7
 Chain Lightning          Conj/Air       0%         N/A       100%        9
 Fire Storm               Conj/Fire      0%         5d1       100%        9
 Shatter                  Erth           0%         3d5*      100%        9

Inventory:

Hand Weapons
 A - a +1 lajatang of venom
 B - a +2 broad axe of electrocution (weapon)
 I - a +2 whip of electrocution
Missiles
 n - 11 boomerangs
 u - 16 poisoned darts (quivered)
 D - a throwing net {=f}
Armour
 b - a +0 scale mail (worn)
 c - a +0 buckler (worn)
 s - a +2 pair of boots (worn)
 E - a +0 cloak (worn)
Magical Staves
 g - a staff of earth {!a}
Jewellery
 v - a ring of see invisible
 H - an amulet of regeneration (around neck)
 K - an amulet of guardian spirit
 M - a ring of magical power (right hand)
 R - a ring of resist corrosion
 T - a +4 ring of protection (left hand)
Wands
 a - a wand of iceblast (6)
 x - a wand of polymorph (2)
 y - a wand of flame (4)
 C - a wand of digging (4)
 F - a wand of mindburst (10)
 O - a wand of charming (4)
Scrolls
 d - 2 scrolls of fog
 e - 3 scrolls of brand weapon
 i - 2 scrolls of blinking
 k - 3 scrolls of teleportation {@r2}
 r - a scroll of magic mapping
 t - 6 scrolls of enchant armour
 w - a scroll of enchant weapon
 z - 3 scrolls of immolation
 G - 2 scrolls of fear
 P - a scroll of amnesia {unknown}
Potions
 f - 7 potions of curing {@q1}
 h - 2 potions of lignification {unknown}
 j - 3 potions of attraction
 l - a potion of ambrosia {unknown}
 m - a potion of cancellation {unknown}
 o - 2 potions of haste {@q3}
 p - 3 potions of magic {unknown}
 q - 2 potions of brilliance {unknown}
 J - a potion of berserk rage {!q}
 L - a potion of heal wounds {unknown}
 N - 2 potions of mutation
 Q - a potion of might

Dungeon Overview and Level Annotations

Branches:
Dungeon (11/15)            Temple (1/1) D:7             Orc (0/2) D:9
   Lair: D:8-11

Altars:
Ashenzari
Cheibriados
Gozag
Hepliaklqana
Kikubaaqudgha
Makhleb
Nemelex Xobeh
Okawaru
Qazlal
Ru
Sif Muna
Trog
Uskayaw
Vehumet
Wu Jian
Xom
Yredelemnul

Shops:
D:3 (*

Annotations:
D:8 2 transporters, ytrimaz's ghost, novice OgGl

###### .....# .....# .....#
.....## #....#
#################.......
.....#
................@R.....#
#....#
.##.#############.....##
#....# ....### ...!.#
#.^..# ......### .#####
#.... ........###### . ##
#..# .###..#......#.. ##.#
.###.##......... #..#
.....###.>...... ######O##
.#######.....#######R..○R.#


You could see an efreet.


Message History

The efreet hits you with a +2 scimitar of flaming!
The efreet burns you.
You completely miss the efreet. You headbutt the efreet.
The efreet is lightly wounded.
The efreet is struck by your spines.
The efreet hits you with a +2 scimitar of flaming.
The efreet burns you.
You hit the efreet but do no damage.
The efreet is moderately wounded.
The efreet gestures at you.
The fireball explodes!
The fireball engulfs you!!
* * * LOW HITPOINT WARNING * * *
The fireball engulfs the efreet.
The efreet completely resists.
The efreet hits you but does no damage.
You hit the efreet.
The efreet is moderately wounded.
The efreet gestures at you. The bolt of fire hits you!!
* * * LOW HITPOINT WARNING * * *
You slash the efreet!
The efreet is severely wounded.
The efreet gestures at you. The bolt of fire misses you.
You can now pass through a line of other dancers.
Unknown command.
You hit the efreet.
The efreet is almost dead.
The efreet is struck by your spines.
The efreet hits you with a +2 scimitar of flaming!
You die...

Skill      XL: |  1  2  3  4  5  6  7  8  9 10 11 |
---------------+----------------------------------+-----
Maces & Flails | 2 3 4 |  4.3
Axes           | 2 3 6 9 |  9.0
Poison Magic   | 2 4 |  4.0
Fighting       | 9 10 | 10.4
Invocations    | 3 8 10 | 10.3
Staves         | 3 5 |  5.2
Armour         | |  2.6
Shields        | |  2.6

Action                     |  1- 3 |  4- 6 |  7- 9 | 10-12 || total
---------------------------+-------+-------+-------+-------++-------
  Melee: Flail             |    81 |    18 |       |       ||    99
         Headbutt          |     4 |     8 |    56 |    44 ||   112
         War axe           |       |    47 |   118 |       ||   165
         Whip              |       |       |    57 |    37 ||    94
         Morningstar       |       |       |    42 |       ||    42
         Broad axe         |       |       |       |   116 ||   116
  Throw: Dart              |     6 |    16 |     8 |     6 ||    36
         Boomerang         |       |       |     1 |     4 ||     5
  Evoke: Wand              |       |     3 |     6 |     4 ||    13
    Use: Scroll            |     5 |     2 |     4 |    16 ||    27
         Potion            |       |     1 |       |     4 ||     5
   Stab: Paralysed         |       |       |     6 |    10 ||    16
 Armour: Scale mail        |    36 |    37 |    79 |    75 ||   227
  Dodge: Dodged            |    33 |    37 |    94 |    70 ||   234
  Block: Buckler           |    20 |     9 |    43 |    27 ||    99

Levels and vault maps discovered:
D:1:      dpeg_arrival_prison, layout_basic, hex_intersection,
          grunt_decor_clamped, nicolae_eternal_life
D:2:      layout_basic, serial_corexii_hall, corexii_hall_statues_u,
          chequers_hall_statues_corner_a, uniq_terence
D:3:      layout_rooms, serial_bayou, serial_bayou_ford_a, serial_bayou_shore_b,
          serial_bayou_lagoon_b, serial_bayou_pond_e, serial_bayou_pond_c,
          serial_bayou_crossing, serial_shops, shop, nicolae_shop_dealshenge,
          minmay_cut_off
D:4:      layout_rooms, st_stairs_10
D:5:      layout_rooms, minivault_23, minmay_chambers_of_fives
D:6:      layout_rooms, nicolae_overflow_hidden_temple,
          amethyst_overflow_temple_binary
D:7:      minmay_chambers_of_sixes, layout_basic, minmay_temple_entry_arrows,
          dreamdust_princess_bridge
D:8:      layout_loops_ring, gammafunk_ghost_stat_death,
          minmay_fractal_squares_diagonal_5, uniq_pikel, uniq_maggie
D:9:      layout_irregular_city, orc_0_dummy, bh_walls_and_bars
D:10:     layout_roguey
D:11:     layout_rooms, grunt_lair_entry_orc_guard_hut, uniq_erolcha
Temple:   bh_familiar_temple

Notes
Turn   | Place    | Note
-------+----------+-------------------------------------------
     0 | D:1      | Drazool the Demonspawn Fighter began the quest for the Orb.
     0 | D:1      | Reached XP level 1. HP: 18/18 MP: 1/1
    46 | D:1      | Reached skill level 2 in Maces & Flails
   195 | D:1      | Gained mutation: You have an unusually large brain. (Int
                  | +2) [demonic ancestry]
   195 | D:1      | Reached XP level 2. HP: 24/24 MP: 2/2
   655 | D:1      | Reached skill level 3 in Maces & Flails
  1125 | D:2      | Gained mutation: You have a pair of small horns on your
                  | head. [demonic ancestry]
  1125 | D:2      | Reached XP level 3. HP: 29/29 MP: 3/3
  1320 | D:2      | Noticed Terence
  1328 | D:2      | Killed Terence
  1329 | D:2      | Gained mutation: You have an extremely huge brain. (Int +4)
                  | [demonic ancestry]
  1329 | D:2      | Reached XP level 4. HP: 35/35 MP: 4/4
  1421 | D:2      | Reached skill level 4 in Maces & Flails
  1663 | D:2      | Learned a level 2 spell: Poisonous Vapours
  1670 | D:3      | Found Pyum's Weapon Shoppe.
  1712 | D:3      | Bought a +0 war axe of electrocution for 117 gold pieces
  1998 | D:3      | Found Xutzekhe's Assorted Antiques.
  2006 | D:3      | Bought a scroll labelled BUTUGR DYFFA for 26 gold pieces
  2333 | D:4      | Reached skill level 1 in Axes
  2333 | D:4      | Reached skill level 1 in Poison Magic
  2400 | D:4      | Noticed a black bear
  2423 | D:4      | Killed a black bear
  2424 | D:4      | Reached skill level 2 in Axes
  2424 | D:4      | Reached skill level 2 in Poison Magic
  2424 | D:4      | Reached XP level 5. HP: 8/41 MP: 5/5
  2565 | D:4      | Noticed a phantom
  2571 | D:4      | Killed a phantom
  2572 | D:4      | Reached XP level 6. HP: 45/47 MP: 6/6
  2584 | D:4      | Reached skill level 3 in Poison Magic
  2758 | D:4      | Reached skill level 3 in Axes
  2881 | D:4      | You fall into a shaft and drop 1 floor!
  2881 | D:5      | Entered Level 5 of the Dungeon
  2886 | D:5      | Reached skill level 4 in Poison Magic
  2886 | D:5      | Gained mutation: You have a pair of horns on your head.
                  | [demonic ancestry]
  2886 | D:5      | Reached XP level 7. HP: 52/52 MP: 7/7
  2890 | D:5      | Reached skill level 4 in Axes
  3119 | D:4      | Reached skill level 5 in Axes
  3473 | D:5      | Noticed a steam dragon
  3583 | D:5      | Killed a steam dragon
  3584 | D:5      | Reached skill level 6 in Axes
  3584 | D:5      | Gained mutation: You are partially covered in sharp spines.
                  | [demonic ancestry]
  3584 | D:5      | Reached XP level 8. HP: 33/58 MP: 8/8
  3884 | D:5      | Reached skill level 7 in Axes
  4048 | D:6      | Identified the +11 short sword of Mastery {elec, Fragile
                  | rPois Int+2 Stlth+}
  4106 | D:6      | Found a sparkling altar of Nemelex Xobeh.
  4313 | D:6      | Reached skill level 8 in Axes
  4373 | D:6      | Identified the +6 mace of Change {drain, Str+3}
  4556 | D:6      | Found a radiant altar of Vehumet.
  4563 | D:6      | Found a broken altar of Ashenzari.
  4654 | D:7      | Reached skill level 9 in Axes
  4742 | D:7      | Gained mutation: Your demonic aura sometimes causes spilled
                  | blood to erupt in flames. [demonic ancestry]
  4742 | D:7      | Reached XP level 9. HP: 64/64 MP: 9/9
  4746 | D:7      | Found a staircase to the Ecumenical Temple.
  4763 | Temple   | Entered the Ecumenical Temple
  4937 | Temple   | Became a worshipper of Uskayaw the Reveller
  4962 | D:7      | Reached * piety under Uskayaw
  4964 | D:7      | Reached ** piety under Uskayaw
  4965 | D:7      | Reached skill level 4 in Fighting
  5227 | D:7      | Reached skill level 5 in Fighting
  5414 | D:7      | Reached *** piety under Uskayaw
  5499 | D:7      | Reached skill level 6 in Fighting
  5579 | D:7      | Noticed a gargoyle
  5741 | D:7      | Reached **** piety under Uskayaw
  5742 | D:7      | Killed a gargoyle
  5743 | D:7      | Reached skill level 7 in Fighting
  5826 | D:7      | Reached skill level 8 in Fighting
  6242 | D:8      | Identified a +2 robe of resistance
  6242 | D:8      | Noticed Pikel
  6242 | D:8      | Noticed Maggie
  6429 | D:8      | Killed Maggie
  6489 | D:8      | Reached skill level 9 in Fighting
  6489 | D:8      | Reached skill level 1 in Invocations
  6717 | D:8      | Killed Pikel
  6718 | D:8      | Reached skill level 3 in Invocations
  6718 | D:8      | Gained mutation: Your demonic aura often causes spilled
                  | blood to erupt in flames. [demonic ancestry]
  6718 | D:8      | Reached XP level 10. HP: 65/83 MP: 9/12
  6794 | D:8      | Found a transporter.
  6806 | D:8      | Noticed ytrimaz's ghost (novice OgGl)
  7088 | D:8      | Found a transporter.
  7300 | D:8      | Noticed a two-headed ogre
  7353 | D:8      | Killed a two-headed ogre
  7354 | D:8      | Reached skill level 4 in Invocations
  7542 | D:8      | Reached skill level 5 in Invocations
  7764 | D:9      | Identified 2 scrolls of acquirement
  7764 | D:9      | Acquired a +2 broad axe of electrocution
  7889 | D:9      | Reached skill level 10 in Fighting
  8104 | D:9      | Reached skill level 6 in Invocations
  8190 | D:9      | Got Teacukk's Enchiridion on Geometries and Firn
  8236 | D:9      | Found a staircase to the Orcish Mines.
  8759 | D:10     | Entered Level 10 of the Dungeon
  8772 | D:10     | Noticed an eight-headed hydra
  8912 | D:10     | Acquired a +1 lajatang of venom
  9120 | D:10     | Reached skill level 1 in Staves
  9120 | D:10     | Reached skill level 7 in Invocations
  9268 | D:11     | Noticed a gargoyle
  9277 | D:11     | Killed a gargoyle
  9278 | D:11     | Reached skill level 2 in Staves
  9299 | D:11     | Noticed a two-headed ogre
  9312 | D:10     | Killed a two-headed ogre
  9313 | D:10     | Reached skill level 3 in Staves
  9313 | D:10     | Reached skill level 8 in Invocations
  9440 | D:11     | Noticed Erolcha
  9440 | D:11     | You are cast into the Abyss!
  9440 | Abyss:2  | Cast into level 2 of the Abyss (Erolcha)
  9474 | Abyss:2  | Noticed a lich
  9575 | Abyss:2  | Gained mutation: Your demonic aura causes all spilled blood
                  | to erupt in flames. [demonic ancestry]
  9575 | Abyss:2  | Reached XP level 11. HP: 90/92 MP: 17/17
  9617 | Abyss:2  | Noticed a hell hog
  9620 | Abyss:2  | Noticed a starcursed mass
  9642 | Abyss:2  | Found a corrupted altar of Lugonu.
  9652 | Abyss:2  | Noticed a green draconian
  9698 | Abyss:2  | Noticed a bone dragon
  9846 | D:11     | You pass through the gate.
  9846 | D:11     | Escaped the Abyss
  9861 | D:11     | Reached ***** piety under Uskayaw
  9863 | D:11     | Reached skill level 9 in Invocations
  9868 | D:11     | Noticed a white ugly thing
  9889 | D:11     | Killed a white ugly thing
  9890 | D:11     | Reached skill level 4 in Staves
  9932 | D:11     | Noticed a boulder beetle
 10044 | D:11     | Noticed a two-headed ogre
 10051 | D:10     | Killed a boulder beetle
 10103 | D:11     | Killed a two-headed ogre
 10104 | D:11     | Reached skill level 10 in Invocations
 10104 | D:11     | Killed Erolcha
 10105 | D:11     | Reached skill level 5 in Staves
 10211 | D:11     | HP: 4/92 [efreet/bolt of fire (26)]
 10213 | D:11     | Mangled by an efreet

Vanquished Creatures
  Erolcha (D:11)
  A boulder beetle (D:10)
  3 two-headed ogres
  Pikel (D:8)
  An ugly thing (D:11)
  2 gargoyles
  Maggie (D:8)
  An ancient zyme (Abyss:2)
  A troll (D:10)
  2 shadows
  2 wyverns (D:8)
  3 steam dragons
  3 vampire mosquitoes (D:11)
  A naga zombie (Abyss:2)
  2 water moccasins
  An acid dragon (D:10)
  2 orc warriors
  5 black bears
  2 ogres (D:5)
  3 centaurs
  3 lemures
  4 phantoms
  A kobold brigand (D:9)
  3 bullfrogs
  A gnoll sergeant (D:9)
  4 scorpions
  5 wights
  6 killer bees (D:9)
  14 howler monkeys
  4 hounds
  6 orc priests
  4 jellies
  Terence (D:2)
  3 orc wizards
  5 iguanas
  5 adders
  6 gnolls
  A white imp (D:7)
  An ufetubus (D:5)
  2 worms
  A dart slug (D:3)
  30 orcs
  4 bats
  4 endoplasms
  6 giant cockroaches
  3 goblins
  5 hobgoblins
  2 jackals (D:2)
  3 quokkas
  7 ball pythons
  5 frilled lizards
  6 kobolds
  5 rats
198 creatures vanquished.

Table legend: (Time is in decaauts)
 A = Elapsed time spent in this place.
 B = Non-inter-level travel time spent in this place.
 C = Inter-level travel time spent in this place.
 D = Time resting spent in this place.
 E = Time spent auto-exploring this place.
 F = Levels seen in this place.
 G = Mean time per level.
                   A        B        C        D        E       F      G
               +--------+--------+--------+--------+--------+-----+--------+
         Total |  10350 |   9956 |    394 |    655 |   7421 |  13 |  796.2 |
       Dungeon |   9744 |   9372 |    372 |    650 |   7027 |  11 |  885.8 |
        Temple |    196 |    174 |     22 |      0 |    165 |   1 |  196.0 |
         Abyss |    409 |    409 |      0 |      5 |    229 |   1 |  409.0 |
               +--------+--------+--------+--------+--------+-----+--------+

Top non-repeatable levels by time:
     D:8: 1492 daAuts
     D:7: 1404 daAuts
     D:1: 1041 daAuts
     D:4: 1008 daAuts
     D:9: 923 daAuts
     D:5: 770 daAuts
     D:6: 732 daAuts
    D:10: 705 daAuts
     D:2: 668 daAuts
     D:3: 654 daAuts
 Abyss:2: 409 daAuts
    D:11: 344 daAuts
  Temple: 196 daAuts

Table legend:
 A = Non-vault XP
 B = Vault XP
 C = Vault XP percentage of total XP
 D = Non-vault monster count
 E = Vault monster count
 F = Vault count percentage of total count
                 A         B        C        D         E       F
            +---------+---------+-------+---------+---------+-------
      Total |   10244 |    5004 |  32.8 |     158 |      37 |  19.0
            +---------+---------+-------+---------+---------+-------
        D:1 |      29 |       6 |  17.1 |      18 |       4 |  18.2
        D:2 |      63 |      36 |  36.4 |      13 |       1 |   7.1
        D:3 |      17 |       7 |  29.2 |       9 |       3 |  25.0
        D:4 |     395 |     342 |  46.4 |      13 |       7 |  35.0
        D:5 |     779 |     190 |  19.6 |      13 |       2 |  13.3
        D:6 |     557 |       0 |   0.0 |      15 |       0 |   0.0
        D:7 |    1280 |    1017 |  44.3 |      19 |       6 |  24.0
        D:8 |     567 |    2170 |  79.3 |      13 |       9 |  40.9
        D:9 |     898 |       0 |   0.0 |      24 |       0 |   0.0
       D:10 |    2623 |       0 |   0.0 |      10 |       0 |   0.0
       D:11 |    2479 |    1236 |  33.3 |       8 |       5 |  38.5
    Abyss:2 |     557 |       0 |   0.0 |       3 |       0 |   0.0
            +---------+---------+-------+---------+---------+-------
